 Dungeon Crawl Stone Soup version 0.27-b1-42-g19c61b19a5 (webtiles) character file.

Game seed: 8058114939409092479

40 ZARRMARR the Skirmisher (level 3, 0/33 HPs)
             Began as a Hill Orc Fighter on July 29, 2021.
             Slain by an adder (4 damage)
             ... on level 2 of the Dungeon.
             The game lasted 00:05:27 (1035 turns).

ZARRMARR the Skirmisher (Hill Orc Fighter)          Turns: 1035, Time: 00:05:27

Health: 0/33       AC:  6    Str: 19    XL:     3   Next: 50%
Magic:  3/3        EV:  7    Int:  8    God:
Gold:   45         SH:  9    Dex: 10    Spells: 2/2 levels left

rFire    . . .     SeeInvis .   a - +0 war axe
rCold    . . .     Faith    .   c - +0 kite shield
rNeg     . . .     Spirit   .   b - +0 scale mail
rPois    .         Reflect  .   (no helmet)
rElec    .         Harm     .   (no cloak)
rCorr    .         Rampage  .   (no gloves)
Will     .....                  (no boots)
Stlth    ..........             (no amulet)
HPRegen  0.11/turn              (no ring)
MPRegen  0.08/turn              (no ring)

@: mighty, lethally poisoned (0 -> -4)
A: no striking features
a: no special abilities


You were on level 2 of the Dungeon.
You visited 1 branch of the dungeon, and saw 3 of its levels.

You collected 45 gold pieces.

Inventory:

Hand Weapons
 a - a +0 war axe (weapon)
Missiles
 h - 45 stones
 k - 18 poisoned darts (quivered)
Armour
 b - a +0 scale mail (worn)
 c - a +0 kite shield (worn)
Scrolls
 f - 3 scrolls of fear {unknown}
 g - 5 scrolls of identify {unknown}
 i - a scroll of immolation {unknown}
Potions
 e - 2 potions of curing {unknown}
 j - a potion of heal wounds {unknown}
 l - a potion of haste {unknown}


   Skills:
 + Level 3.9 Fighting
 + Level 3.3 Axes
 * Level 1.0 Throwing
 + Level 3.5 Armour
 + Level 0.3 Dodging
 + Level 3.7 Shields


You had 2 spell levels left.
You didn't know any spells.
Your spell library contained the following spells:

 Spells                   Type           Power      Damage    Failure   Level
 Animate Skeleton         Necr           0%         N/A       99%         1
 Apportation              Tloc           0%         N/A       99%         1
 Corona                   Hex            0%         N/A       99%         1
 Summon Small Mammal      Summ           0%         N/A       99%         1


Dungeon Overview and Level Annotations

Branches:
Dungeon (3/15)

Altars:


Message History

The adder is moderately wounded.
You hit the giant cockroach. You barely miss the jackal.
You feel sick. The giant cockroach bites you. You block the jackal's attack.
The adder bites you. The giant cockroach bites you.
You block the jackal's attack. The adder bites you but does no damage.
You closely miss the adder.
The adder is moderately wounded.
You hit the jackal.
You hit the giant cockroach but do no damage.
You feel sick.
The giant cockroach bites you but does no damage.
The jackal bites you. The adder bites you.
* * * LOW HITPOINT WARNING * * *
The giant cockroach waves its antennae.
You block the giant cockroach's attack. You block the jackal's attack.
You block the adder's attack.
You feel sick.
You feel sick.
You are no longer poisoned.
A frilled lizard comes into view.
The frilled lizard hisses angrily.
You block the jackal's attack.
You feel very mighty all of a sudden.
The jackal bites you but does no damage.
You closely miss the jackal.
The jackal is heavily wounded.
The jackal bites you but does no damage.
You block the jackal's attack.
You slash the jackal!
You kill the jackal!
The adder bites you.
* * * LOW HITPOINT WARNING * * *
You are lethally poisoned!
The adder poisons you!
Your Throwing skill increases to level 1!
You miss the adder.
The adder is moderately wounded.
* * * LOW HITPOINT WARNING * * *
You feel sick. The adder bites you.
You die...

.#.. .....
.....####
........#
......†|#
........###
.......BB.#
....(.$.#S#
.....####@#
=...# #.#
##########
.... #l#
#......... ###
#.#
#####.########
#.#
#.....<.......
#.#
#.###.#.######
#.#
#.#.†........
#.#
#.#.#.#.#####
#.#.#.#.#


You could see an adder, a giant cockroach and a frilled lizard.

Vanquished Creatures
  2 dart slugs
  A ball python (D:1)
  5 bats
  2 endoplasms (D:1)
  2 giant cockroaches
  6 goblins (D:1)
  A hobgoblin (D:1)
  5 jackals
  2 kobolds (D:1)
  4 rats
30 creatures vanquished.

Notes
Turn   | Place    | Note
-------+----------+-------------------------------------------
     0 | D:1      | ZARRMARR the Hill Orc Fighter began the quest for the Orb.
     0 | D:1      | Reached XP level 1. HP: 19/19 MP: 1/1
   173 | D:1      | Reached XP level 2. HP: 27/27 MP: 2/2
   482 | D:1      | Reached XP level 3. HP: 33/33 MP: 3/3
  1001 | D:2      | You fall into a shaft and drop 1 floor!
  1035 | D:2      | Reached skill level 1 in Throwing
  1035 | D:2      | Slain by an adder

Illustrated notes

Levels and vault maps discovered:
D:1:      erik_arrival_orb_chamber, layout_loops_ring
D:2:      layout_basic
D:3:      layout_loops_cross, kennysheep_okawaru_gauntlet, grunt_qazlal_clouds

Skill      XL: |  1  2  3 |
---------------+----------+-----
Axes           | 3 |  3.3
Throwing       | 1 |  1.0
Fighting       | |  3.9
Armour         | |  3.5
Dodging        | |  0.3
Shields        | |  3.7

Action                   || total
-------------------------++-------
Melee: War axe           ||    80
Throw: Stone             ||    26
       Dart              ||    15
  Use: Potion            ||     1
Armor: Scale mail        ||    43
Dodge: Dodged            ||    31
Block: Kite shield       ||    51
